Map: Orbital Shipyard

Players

Manta

  • Race: Zerg Zerg
  • League: Silver

uprising - Winner!

  • Race: Zerg Zerg

VOD

Have the link to the VOD?

Description

Time

  • Played on: Feb. 15, 2016, 7:02 p.m.
  • Length: 15:18
Show
View Real Time Build Order
Export as new Build Order

Manta Zerg 

Build Orders: Pool First, Zergling Baneling 

Get SALT Encoding   

  12  0:02  Drone  
  13  0:09  Extractor  
  12  0:39  Drone x2, Spawning Pool  
  12  0:40  Drone  
  14  0:54  Overlord  
  14  1:26  Metabolic Boost  
  14  1:27  Zergling x4  
  14  1:28  Zergling x2  
  17  1:33  Baneling Nest  
  16  1:42  Queen  
  16  1:46  Zergling x2  
  19  1:57  Zergling x2  
  19  2:01  Zergling x2  
  21  2:16  Zergling x2  
  22  2:28  Baneling x2  
  22  2:29  Baneling  
  22  2:35  Overlord  
  20  3:03  Zergling x10  
  20  3:05  Baneling  
  21  3:06  Baneling  
  20  3:32  Zergling x4  
  22  3:34  Overlord  
  19  4:08  Zergling x8  
  19  4:09  Zergling x2  
  22  4:12  Baneling  
  22  4:13  Baneling x3  
  22  4:25  Hatchery  
  14  5:03  Zergling x12  
  20  5:11  Spine Crawler  
  19  5:17  Drone x4  
  23  5:24  Baneling x2  
  23  5:35  Lair  
  23  5:39  Drone x2  
  25  6:04  Queen  
  25  6:05  Drone  
  25  6:06  Drone x3  
  31  6:28  Extractor  
  30  6:35  Spire  
  30  6:37  Drone x4  
  33  6:40  Extractor  
  33  6:43  Extractor  
  31  6:50  Overlord  
  31  7:08  Drone x2  
  31  7:12  Drone x2  
  31  7:14  Overlord  
  35  7:32  Drone x2  
  35  7:33  Drone x4  
  41  7:51  Mutalisk  
  41  7:54  Overlord  
  43  8:10  Overlord  
  43  8:13  Mutalisk  
  43  8:14  Mutalisk x3  
  51  8:22  Overlord  
  51  8:41  Drone x4  
  55  8:52  Hatchery, Mutalisk x2  
  58  8:55  Drone  
  58  8:56  Drone  
  60  9:03  Zerg Flyer Armor Level 1  
  60  9:10  Queen  
  62  9:25  Mutalisk x2  
  62  9:28  Drone, Overlord  
  62  9:29  Overlord  
  62  9:45  Zergling x10  
  64  9:46  Zergling x4  
  64  9:47  Drone x2  
  70  9:59  Drone x3  
  74  10:00  Drone x2  
  74  10:05  Drone  
  76  10:12  Drone  
  77  10:15  Drone  
  77  10:16  Drone x2  
  80  10:39  Drone x4  
  80  10:41  Extractor  
  83  10:45  Extractor  
  82  10:57  Mutalisk  
  82  10:58  Mutalisk x2, Zerg Flyer Weapons Level 1  
  82  10:59  Overlord  
  82  11:00  Overlord x3  
  84  11:40  Mutalisk x6  
  84  11:41  Mutalisk x6  
  95  12:12  Mutalisk x4  
  85  12:37  Drone  
  85  12:38  Drone x3  
  82  13:13  Spawning Pool  
  82  13:14  Mutalisk x5  
  91  13:36  Hatchery  
  88  13:50  Mutalisk x2  
Show
View Real Time Build Order
Export as new Build Order

uprising Zerg - Winner!

Build Orders: Hatch First 

Get SALT Encoding   

  12  0:01  Drone  
  13  0:12  Overlord  
  13  0:17  Drone  
  14  0:31  Drone x2  
  14  0:34  Drone  
  17  0:45  Drone  
  18  0:57  Hatchery  
  17  1:09  Extractor  
  16  1:12  Spawning Pool  
  16  1:14  Drone  
  16  1:17  Drone  
  17  1:22  Drone  
  18  1:27  Overlord  
  18  2:00  Queen  
  20  2:02  Zergling x6  
  23  2:10  Zergling x2  
  23  2:14  Zergling x2  
  25  2:20  Metabolic Boost  
  25  2:28  Zergling x2  
  25  2:29  Zergling x2  
  26  2:54  Zergling x4  
  26  2:55  Zergling x6  
  23  3:12  Zergling x4, Baneling Nest  
  24  3:13  Zergling x2, Queen  
  24  3:14  Queen  
  26  3:54  Zergling x8  
  26  3:55  Zergling x2  
  28  3:56  Zergling x6  
  28  4:17  Baneling x2  
  28  4:30  Drone x2  
  28  4:31  Drone  
  28  4:39  Extractor  
  27  4:47  Baneling  
  25  5:03  Queen  
  25  5:06  Queen  
  29  5:11  Drone  
  29  5:12  Drone x6  
  36  5:30  Roach Warren  
  36  5:31  Drone  
  36  5:33  Overlord  
  36  5:34  Overlord  
  36  6:07  Drone x3  
  36  6:11  Roach x4  
  47  6:16  Drone x4  
  47  6:17  Drone  
  52  6:26  Evolution Chamber  
  51  6:39  Drone  
  52  6:43  Extractor  
  52  6:46  Drone  
  52  6:47  Evolution Chamber  
  52  6:48  Overlord  
  52  6:49  Overlord  
  52  6:50  Overlord x2  
  51  7:12  Drone x2  
  51  7:13  Drone  
  51  7:14  Drone x2  
  56  7:17  Zerg Ground Armor Level 1, Zerg Missile Weapons Level 1  
  56  7:19  Lair  
  56  7:24  Drone x3  
  56  7:28  Roach x2  
  63  7:31  Roach  
  65  7:38  Spore Crawler  
  65  7:42  Spore Crawler  
  63  7:56  Drone x5, Extractor  
  63  7:58  Roach x3  
  73  7:59  Roach  
  75  8:39  Glial Reconstitution  
  74  9:05  Hydralisk Den  
  73  9:11  Zerg Missile Weapons Level 2  
  73  9:12  Zerg Ground Armor Level 2  
  73  9:13  Roach  
  73  9:14  Roach x4  
  73  9:16  Overlord x2  
  83  9:17  Overlord x3  
  83  9:18  Overlord  
  83  9:19  Pneumatized Carapace  
  81  9:44  Zergling x2, Roach  
  81  9:45  Roach x3  
  89  9:46  Roach x5  
  99  10:18  Roach x5  
  99  10:19  Roach x3  
  99  10:20  Roach x3  
  121  10:24  Hatchery  
  120  10:28  Muscular Augments  
  120  10:45  Spine Crawler  
  120  10:46  Spore Crawler  
  116  11:22  Hydralisk  
  116  11:23  Hydralisk x5  
  116  11:24  Hydralisk x2  
  132  11:38  Hydralisk  
  132  11:39  Hydralisk x2  
  136  11:40  Hydralisk  
  134  12:14  Hydralisk x2  
  134  12:15  Hydralisk x4  
  134  12:16  Hydralisk  
  126  12:25  Spore Crawler  
  126  12:29  Spore Crawler  
  118  12:33  Spore Crawler  
  118  12:36  Hydralisk  
  118  12:37  Hydralisk x4  
  111  12:38  Spore Crawler  
  111  12:40  Drone x3  
  117  13:00  Spore Crawler, Hydralisk x3  
  117  13:01  Spore Crawler  
  97  13:15  Baneling  
  97  13:38  Queen  
  97  13:40  Drone x3  
  102  13:41  Drone x2  
  102  13:42  Drone x3  
  102  13:43  Drone x4  
  105  13:59  Hydralisk  
  105  14:00  Hydralisk x3  
  105  14:01  Hydralisk  
  107  14:13  Hydralisk x2  
Tags
 
Add a new tag
Caveats
  • Supply blocks, unpowered buildings, or Contaminate may cause inaccurate times.
  • Supply counts are checked every 10 seconds.